 Dungeon Crawl Stone Soup version 0.32-a0-893-gf85d74f360 (webtiles) character file.

Game seed: 5981442457111296229

92986 Autsider the Earth Mage (level 16, -6/97 HPs)
             Began as a Gargoyle Earth Elementalist on Apr 2, 2024.
             Was an Elder of Vehumet.
             Killed from afar by Azrael (21 damage)
             ... with damnation
             ... on level 15 of the Dungeon on Apr 3, 2024.
             The game lasted 01:43:22 (26638 turns).

Autsider the Earth Mage (GrEE)                     Turns: 26638, Time: 01:43:23

Health: -6/97      AC: 33    Str: 16    XL:     16   Next: 7%
Magic:  5/30       EV: 10    Int: 29    God:    Vehumet [****..]
Gold:   746        SH:  6    Dex: 16    Spells: 8/35 levels left

rFire   + . .        N - +4 whip of Ycwumuefe {speed, Dex+7}
rCold   + . .        O - +0 buckler
rNeg    + + .        r - +5 scale mail {Will+}
rPois   ∞            P - -2 hat of the Alchemist {rElec rPois rF+ rC+ rN+ Will+ rMut rCorr}
rElec   +            c - +0 cloak
rCorr   +            Z - +2 pair of gloves
SInv    .            v - +0 pair of boots
Will    +++..        X - amulet of magic regeneration
Stlth   +            T - +4 ring of protection
HPRegen 0.36/turn    J - +6 ring of strength
MPRegen 0.62/turn

%: resist mutation
@: flying
A: sickness immunity, AC +12, big wings, negative energy resistance 1,
electricity resistance, torment resistance 1, petrification resistance, clever 1
a: Renounce Religion


You were on level 15 of the Dungeon.
You worshipped Vehumet.
Vehumet was greatly pleased with you.
You visited 3 branches of the dungeon, and saw 21 of its levels.
You also visited: Gauntlet.

You collected 1784 gold pieces.
You spent 1038 gold pieces at shops.

Inventory:

Hand Weapons
 N - the +4 whip of Ycwumuefe (weapon) {speed, Dex+7}
   (You found it on level 7 of the Dungeon)

   Dex+7:     It affects your dexterity (+7).
 Q - a +0 demon trident of draining
Armour
 a - the +0 hat of Fashionability {+Blink}
   (You found it in a Gauntlet)

   +Blink:    It lets you blink.
 c - a +0 cloak (worn)
 g - a +2 helmet of intelligence
 r - a +5 scale mail of willpower (worn)
 v - a +0 pair of boots (worn)
 O - a +0 buckler (worn)
 P - the -2 hat of the Alchemist (worn) {rElec rPois rF+ rC+ rN+ Will+ rMut rCorr}
   (You bought it in a shop on level 14 of the Dungeon)

   rF+:       It protects you from fire.
   rC+:       It protects you from cold.
   rElec:     It insulates you from electricity.
   rPois:     It protects you from poison.
   rN+:       It protects you from negative energy.
   Will+:     It increases your willpower.
   rCorr:     It protects you from acid and corrosion.
   rMut:      It protects you from mutation.
 Z - a +2 pair of gloves (worn)
Magical Staves
 E - a staff of earth
Jewellery
 e - a ring of positive energy
 i - the ring "Fyeler" {rElec rCorr EV+5 Stlth+}
   (You found it on level 15 of the Dungeon)

   [ring of evasion]

   EV+5:      It affects your evasion (+5).
   rElec:     It insulates you from electricity.
   rCorr:     It protects you from acid and corrosion.
   Stlth+:    It makes you more stealthy.
 n - the amulet "Catad" {Spirit ^Contam Rampage rElec Regen+}
   (You found it in a Gauntlet)

   [amulet of guardian spirit]

   Spirit:    It causes incoming damage to be divided between your reserves of
   health and magic.
   rElec:     It insulates you from electricity.
   ^Contam:   It causes magical contamination when unequipped.
   Regen+:    It increases your rate of health regeneration.
   Rampage:   It bestows one free step when moving towards enemies.
 J - a +6 ring of strength (right hand)
 R - a ring of resist corrosion
 T - a +4 ring of protection (left hand)
 X - an amulet of magic regeneration (around neck)
Wands
 d - a wand of iceblast (6)
 o - a wand of digging (3)
 x - a wand of mindburst (11)
 y - a wand of polymorph (9)
 H - a wand of paralysis (28)
 L - a wand of light (17)
Scrolls
 f - 6 scrolls of amnesia
 h - 7 scrolls of teleportation {@r2}
 j - 9 scrolls of poison
 m - 4 scrolls of identify {@r1}
 t - 2 scrolls of enchant weapon
 w - a scroll of fear
 F - 2 scrolls of blinking
 G - 3 scrolls of fog
 M - a scroll of silence
 S - 2 scrolls of revelation
Potions
 b - 3 potions of enlightenment
 l - a potion of lignification
 p - 3 potions of might
 s - a potion of cancellation
 u - 4 potions of haste
 A - a potion of ambrosia
 C - 10 potions of brilliance
 D - 8 potions of curing {@q1}
 K - a potion of berserk rage
 W - 2 potions of magic
 Y - a potion of resistance
Miscellaneous
 k - a phantom mirror
 B - a Gell's gravitambourine (2/2)
 I - a lightning rod (4/4)
 U - a sack of spiders


   Skills:
 - Level 10.0 Fighting
 - Level 8.0 Armour
 - Level 4.0 Dodging
 - Level 2.1 Stealth
 - Level 8.0 Shields
 - Level 10.4 Spellcasting
 - Level 12.0 Conjurations
 + Level 8.7 Summonings
 - Level 6.0 Necromancy
 - Level 4.0 Ice Magic
 - Level 4.0 Air Magic
 - Level 16.0 Earth Magic
 - Level 4.0 Alchemy


You had 8 spell levels left.
You knew the following spells:

 Your Spells              Type           Power      Damage    Failure   Level
a - Sandblast             Erth           100%       2d20      0%          1
b - Stone Arrow           Conj/Erth      100%       3d13      1%          3
c - Bombard               Conj/Erth      38%        9d7       1%          6
d - Freezing Cloud        Conj/Ice/Air   26%        6-21      7%          5
e - Borgnjor's Vile Clut  Necr/Erth      34%        N/A       4%          5
f - Swiftness             Air            38%        N/A       8%          3
w - Petrify               Alch/Erth      65%        N/A       2%          4

Your spell library contained the following spells:

 Spells                   Type           Power      Damage    Failure   Level
 Airstrike                Air            19%        2d(3-19)  7%          4
 Foxfire                  Conj/Fire      100%       2x1d9     1%          1
 Momentum Strike          Conj/Tloc      98%        3d10      1%          2
 Call Canine Familiar     Summ           60%        N/A       1%          3
 Dazzling Flash           Conj/Hex       98%        N/A       1%          3
 Hailstorm                Conj/Ice       57%        3d11      1%          3
 Mephitic Cloud           Conj/Alch/Air  52%        N/A       1%          3
 Passwall                 Erth           82%        N/A       1%          3
 Brom's Barrelling Bould  Conj/Erth      77%        2d9       1%          4
 Iskenderun's Battlesphe  Conj           71%        2d12      1%          5
 Frozen Ramparts          Ice            76%        1d12      2%          3
 Flame Wave               Conj/Fire      49%        2d12      3%          4
 Arcjolt                  Conj/Air       28%        1d38      4%          5
 Ozocubu's Armour         Ice            38%        N/A       8%          3
 Ensorcelled Hibernation  Hex/Ice        52%        N/A       9%          2
 Inner Flame              Hex/Fire       15%        N/A       11%         3
 Animate Dead             Necr           49%        N/A       12%         4
 Ignite Poison            Fire/Alch      26%        N/A       16%         4
 Sticky Flame             Fire/Alch      26%        2d6       16%         4
 Curse of Agony           Necr           49%        N/A       32%         5
 Maxwell's Portable Pile  Tloc           15%        2d(6-18)  38%         3
 Sigil of Binding         Hex            15%        N/A       38%         3
 Spellforged Servitor     Conj/Summ      33%        N/A       38%         7
 Summon Cactus Giant      Summ           30%        N/A       50%         6
 Summon Forest            Summ/Tloc      20%        N/A       54%         5
 Summon Mana Viper        Hex/Summ       40%        N/A       54%         5
 Dimensional Bullseye     Hex/Tloc       7%         N/A       80%         4
 Metabolic Englaciation   Hex/Ice        13%        N/A       86%         5
 Silence                  Hex/Air        13%        N/A       86%         5
 Death Channel            Necr           24%        N/A       87%         6
 Maxwell's Capacitive Co  Air            19%        ∞         100%        8
 Cigotuvi's Dreadful Rot  Necr/Alch/Air  Unusable   N/A       N/A         2

Dungeon Overview and Level Annotations

Branches:
Dungeon (15/15)            Temple (1/1) D:7            Lair (5/5) D:10
 Shoals (0/4) Lair:3       Spider (0/4) Lair:2        Slime (0/5) Lair:4
    Orc (0/2) D:12         Vaults (0/5) D:13        Gauntlet (visited)
 Depths: D:15

Altars:
Ashenzari
Cheibriados
Dithmenos
Elyvilon
Fedhas
Gozag
Hepliaklqana
Kikubaaqudgha
Makhleb
Nemelex Xobeh
Okawaru
Qazlal
Ru
Sif Muna
Trog
Uskayaw
Vehumet
Wu Jian
Xom
Yredelemnul
Zin
The Shining One
Jiyva

Shops:
D:11 (   D:14 [[[

Portals:
Trove: D:11 (give 8 potions of haste)

Annotations:
D:7 3 runed translucent doors, Autsider's ghost, amateur OnSh
D:10 2 runed translucent doors, CoreAugur's ghost, journeyman CoBe
D:11 exclusion: orange crystal statue
D:15 1 transporter, Azrael
Lair:3 1 runed translucent door, Hifenlek's ghost, journeyman CoGl
Lair:4 exclusion: downstairs


Innate Abilities, Weirdness & Mutations

You are immune to sickness and miasma.
Your stone body is resilient. (AC +12)
You are immune to poison.
Your large and strong wings let you fly.
You resist negative energy. (rN+)
You are resistant to electric shocks. (rElec)
You are resistant to unholy torment.
You are immune to petrification.
Your mind is acute. (Int +4, Str/Dex -1)


Message History

Azrael gestures at you.
The sphere of damnation explodes!
The damnation engulfs you!!
* * * LOW HITPOINT WARNING * * *
You hear a bark!
You hear a roar!
Casting: Sandblast (safe; 0% risk of failure)
Confirm with . or Enter, or press ? or * to list all spells.
Aiming: Borgnjor's Vile Clutch (dangerous; 4% risk of failure)
Press: ? - help, Shift-Dir - straight line, f - Azrael
Aim: Azrael, wielding a +3 scimitar of flaming (100% to hit)
Zombie hands grab Azrael.
The zombie hands constrict Azrael!
Azrael struggles to escape constriction.
Casting: Borgnjor's Vile Clutch (dangerous; 4% risk of failure)
Confirm with . or Enter, or press ? or * to list all spells.
Aiming: Bombard (dangerous; 1% risk of failure)
Press: ? - help, Shift-Dir - straight line, f/p - Azrael
Aim: Azrael, wielding a +3 scimitar of flaming (flame, lightly wounded, constricted by zombie hands, 100% to hit)
The iron shot hits Azrael!!
Azrael is heavily wounded.
The zombie hands constrict Azrael!
Azrael gestures at you.
The sphere of damnation explodes!
The damnation engulfs you!!
* * * LOW HITPOINT WARNING * * *
Casting: Bombard (dangerous; 1% risk of failure)
Confirm with . or Enter, or press ? or * to list all spells.
Aiming: Bombard (dangerous; 1% risk of failure)
Press: ? - help, Shift-Dir - straight line, f/p - Azrael
Aim: Azrael, wielding a +3 scimitar of flaming (heavily wounded, constricted by zombie hands, 100% to hit)
Okay, then.
Okay, then.
Unknown command.
Casting: Bombard (dangerous; 1% risk of failure)
Confirm with . or Enter, or press ? or * to list all spells.
Aiming: Freezing Cloud (dangerous; 7% risk of failure)
Press: ? - help, Dir - move target, f/p - Azrael
Aim: Azrael, wielding a +3 scimitar of flaming (heavily wounded, constricted by zombie hands)
The zombie hands constrict Azrael!
Azrael is engulfed in freezing vapours.
Azrael gestures at you.
The sphere of damnation explodes!
The damnation engulfs you!!
You die...

.....# ~~©~~ #.)..#....
.....'...# #~^~#
#(...#.... .....##.c#
#~~~#######..†(...^
...§..# ##
######⌠.###..##)...
#.......
##©###....##'#.....
........+
##...##....+........
...#....#
#.....#...##.).^.#..
....#...
#.....###)#.....#... .
##.@.##........#.~~.
....#'#†#......†.#.~≈~.
.....)...............~~~.
.....)...)§).............
#.......##§§§....#.....##
.#..##....R§§...#.....##
....☼....##§..........#
...☼.##.. ○.§.....#####
...°h ....##......+


You could see Azrael (clutched).

Vanquished Creatures
  Rupert (D:12)
  Frances (D:13)
  A very ugly thing (D:15)
  A stone giant (D:15)
  A minotaur (Gauntlet)
  An ettin (D:15)
  Josephine (D:9)
  An entropy weaver (shapeshifter) (D:14)
  A rakshasa (D:14)
  12 vault guards
  10 hydras
  3 centaur warriors
  An anaconda (Lair:5)
  5 death yaks
  5 boulder beetles
  A two-headed ogre (D:11)
  Urug (D:13)
  A deep elf knight (D:14)
  3 skysharks (Lair:4)
  A sixfirhy (Gauntlet)
  2 fire crabs (Lair:4)
  2 goliath frogs (Lair:5)
  6 lindwurms
  2 deep elf pyromancers (D:15)
  An oklob plant (Gauntlet)
  A deep elf zephyrmancer (D:15)
  An orc knight (D:14)
  Pikel (D:4)
  6 ugly things
  3 cyclopes
  A wolf spider (D:15)
  3 manticores
  Maurice (D:10)
  8 elephants
  7 black mambas
  4 meliai
  Joseph (Lair:1)
  3 guardian serpents (D:15)
  Jeremiah (D:6)
  19 cane toads
  6 rime drakes
  14 komodo dragons
  An efreet (D:15)
  A kobold demonologist (D:11)
  2 tengu conjurers (D:15)
  2 guardian mummies (D:11)
  Psyche (D:11)
  A polar bear (Lair:4)
  A red devil (D:9)
  A troll (D:14)
  2 freezing wraiths
  5 hornets
  A queen bee (Gauntlet)
  A hellwing (D:9)
  A tyrant leech (Lair:5)
  Prince Ribbit (D:5)
  A glass eye (D:15)
  2 jumping spiders (Lair:2)
  16 blink frogs
  7 dream sheep (Lair:4)
  6 wraiths
  A water elemental (D:11)
  6 wyverns
  A shadow (D:12)
  34 yaks
  Eustachio (D:4)
  3 fire elementals (D:15)
  A redback (Lair:2)
  23 vampire mosquitoes
  3 steam dragons
  A warg (D:14)
  5 basilisks
  Edmund (D:6)
  A chaos spawn (D:9)
  3 acid dragons
  11 water moccasins
  5 hell hounds (D:15)
  8 black bears
  2 ice beasts
  The ghost of zyxw121 the Trooper, an amateur MiFi (D:4)
  6 orc warriors
  5 centaurs
  A tengu (shapeshifter) (D:15)
  4 ogres (D:5)
  2 kobold brigands (D:8)
  3 lemures
  3 phantoms
  Blork the orc (D:5)
  2 scorpions (D:6)
  22 bullfrogs
  7 wights
  8 killer bees
  6 howler monkeys
  An electric eel (Lair:5)
  A bombardier beetle (D:4)
  2 jellies
  A quasit (D:9)
  4 orc priests
  2 gnoll boudas
  3 hounds
  3 iguanas
  A scorpion zombie (D:4)
  A sleepcap (D:7)
  10 orc wizards
  5 hell rats (Lair:1)
  A howler monkey zombie (D:4)
  11 gnolls
  4 adders
  A white imp (D:9)
  4 ufetubi
  A ribbon worm (D:3)
  50 orcs
  3 bats
  3 endoplasms
  2 giant cockroaches
  3 goblins
  5 hobgoblins
  2 jackals (D:3)
  7 quokkas
  5 ball pythons
  2 frilled lizards
  16 kobolds
  5 rats
538 creatures vanquished.

Vanquished Creatures (others)
  An orc wizard (D:7)
1 creature vanquished.

Grand Total: 539 creatures vanquished

Notes
Turn   | Place    | Note
-------+----------+-------------------------------------------
     0 | D:1      | Autsider the Gargoyle Earth Elementalist began the quest
                  | for the Orb.
     0 | D:1      | Reached XP level 1. HP: 10/10 MP: 3/3
   257 | D:1      | Reached XP level 2. HP: 16/16 MP: 3/5
   359 | D:1      | Reached skill level 4 in Earth Magic
   783 | D:1      | Reached skill level 1 in Fighting
  1075 | D:2      | Reached XP level 3. HP: 20/20 MP: 6/6
  1101 | D:2      | Found a shadowy altar of Dithmenos.
  2295 | D:3      | Reached XP level 4. HP: 24/25 MP: 4/7
  2410 | D:3      | Learned a level 3 spell: Stone Arrow
  2646 | D:4      | Noticed Eustachio
  2676 | D:4      | Killed Eustachio
  2677 | D:4      | Reached skill level 5 in Earth Magic
  2677 | D:4      | Reached XP level 5. HP: 14/31 MP: 6/9
  2768 | D:4      | Found a large runed translucent door.
  2768 | D:4      | Found a large runed translucent door.
  2772 | D:4      | Reached XP level 6. HP: 36/36 MP: 1/10
  2859 | D:4      | Reached skill level 6 in Earth Magic
  3226 | D:4      | Reached XP level 7. HP: 14/41 MP: 2/12
  3390 | D:4      | Noticed zyxw121's ghost (amateur MiFi)
  3478 | D:4      | Found a basalt altar of Yredelemnul.
  3580 | D:4      | Noticed Pikel
  3738 | D:4      | Killed Pikel
  3739 | D:4      | Reached skill level 7 in Earth Magic
  3739 | D:4      | Reached XP level 8. HP: 46/48 MP: 0/14
  3983 | D:4      | Killed zyxw121's ghost
  3984 | D:4      | Reached skill level 8 in Earth Magic
  4093 | D:5      | Entered Level 5 of the Dungeon
  4229 | D:5      | Noticed Prince Ribbit
  4229 | D:5      | Noticed Blork the orc
  4242 | D:5      | Killed Prince Ribbit
  4243 | D:5      | Reached skill level 5 in Fighting
  4243 | D:5      | Reached skill level 9 in Earth Magic
  4355 | D:5      | Killed Blork the orc
  4356 | D:5      | Reached skill level 5 in Spellcasting
  4523 | D:5      | Reached XP level 9. HP: 54/54 MP: 13/16
  4606 | D:5      | Learned a level 4 spell: Petrify
  4618 | D:5      | Identified the +5 ring mail "Aheikhy" {rPois Int+2}
  4765 | D:6      | Found a shimmering blue altar of Sif Muna.
  4766 | D:6      | Noticed Jeremiah
  4840 | D:6      | Found a shadowy altar of Dithmenos.
  4921 | D:6      | Reached skill level 10 in Earth Magic
  5075 | D:6      | Reached skill level 1 in Armour
  5355 | D:6      | Killed Jeremiah
  5503 | D:6      | Reached skill level 11 in Earth Magic
  5571 | D:6      | Noticed Edmund
  5578 | D:6      | Killed Edmund
  5816 | D:7      | Found a staircase to the Ecumenical Temple.
  5851 | Temple   | Entered the Ecumenical Temple
  5863 | Temple   | Became a worshipper of Vehumet
  6023 | D:7      | Identified the +4 whip of Ycwumuefe {speed, Dex+7}
  6035 | D:7      | Found a shimmering altar of Xom.
  6049 | D:7      | Reached XP level 10. HP: 45/61 MP: 19/19
  6256 | D:7      | Found a runed translucent gate.
  6256 | D:7      | Found a runed translucent gate.
  6256 | D:7      | Found a runed translucent gate.
  6257 | D:7      | Found an opulent altar of Gozag.
  6257 | D:7      | Noticed a four-headed hydra
  6258 | D:7      | Noticed Autsider's ghost (amateur OnSh)
  6610 | D:7      | Found a glowing silver altar of Zin.
  6610 | D:7      | Found a white marble altar of Elyvilon.
  6610 | D:7      | Found a glowing golden altar of the Shining One.
  6923 | D:8      | Reached * piety under Vehumet
  6923 | D:8      | Offered knowledge of Magic Dart by Vehumet.
  7752 | D:8      | Reached skill level 5 in Conjurations
  7793 | D:8      | Reached skill level 12 in Earth Magic
  8539 | D:9      | Learned a level 3 spell: Swiftness
  8608 | D:9      | Reached skill level 1 in Shields
  8943 | D:9      | Offered knowledge of Searing Ray by Vehumet.
  8944 | D:9      | Reached skill level 5 in Armour
  9135 | D:9      | Reached ** piety under Vehumet
  9389 | D:9      | Reached XP level 11. HP: 42/68 MP: 16/21
  9833 | D:10     | Entered Level 10 of the Dungeon
  9833 | D:10     | Noticed Josephine
  9840 | D:9      | Killed Josephine
  9841 | D:9      | Reached skill level 1 in Air Magic
  9841 | D:9      | Reached skill level 1 in Alchemy
  9960 | D:10     | Noticed Maurice
  9964 | D:10     | Maurice stole an orb of energy
  9968 | D:10     | Something stole a talisman of death
  9992 | D:10     | Paralysed by something for 2 turns
 10004 | D:10     | Paralysed by something for 2 turns
 10013 | D:10     | Killed Maurice
 10128 | D:10     | Found a runed translucent door.
 10408 | D:10     | Found a staircase to the Lair.
 10502 | D:10     | Found a runed translucent door.
 10506 | D:10     | Noticed a necromancer
 10506 | D:10     | Noticed a stone giant
 10507 | D:10     | Noticed a catoblepas
 10508 | D:10     | Noticed a lich
 10511 | D:10     | Noticed CoreAugur's ghost (journeyman CoBe)
 10663 | D:10     | Found an opulent altar of Gozag.
 10942 | Lair:1   | Entered Level 1 of the Lair of Beasts
 11015 | Lair:1   | Offered knowledge of Momentum Strike by Vehumet.
 11170 | Lair:1   | Reached *** piety under Vehumet
 11483 | Lair:1   | Reached skill level 13 in Earth Magic
 11556 | Lair:1   | Noticed a seven-headed hydra
 11561 | Lair:1   | Killed a seven-headed hydra
 11562 | Lair:1   | Reached skill level 5 in Shields
 11578 | Lair:1   | Reached XP level 12. HP: 68/73 MP: 19/23
 11625 | Lair:1   | Offered knowledge of Hailstorm by Vehumet.
 11863 | Lair:1   | Found a shimmering altar of Xom.
 11974 | Lair:1   | Noticed a five-headed hydra
 11991 | Lair:1   | Killed a five-headed hydra
 12151 | Lair:1   | Upgraded the game from 0.32-a0-886-g41c5271027 to
                  | 0.32-a0-893-gf85d74f360
 12246 | Lair:1   | Noticed Joseph
 12259 | Lair:1   | Killed Joseph
 12284 | Lair:1   | Learned a level 3 spell: Hailstorm
 12290 | Lair:1   | Learned a level 5 spell: Freezing Cloud
 12327 | Lair:2   | Noticed a five-headed hydra
 12454 | Lair:2   | Reached skill level 1 in Ice Magic
 12540 | Lair:2   | Found a gate leading to a gauntlet.
 12568 | Gauntlet | Entered a Gauntlet
 12568 | Gauntlet | Found a transporter.
 12568 | Gauntlet | Found a transporter.
 12571 | Gauntlet | Found a transporter.
 12572 | Gauntlet | Found a transporter.
 12573 | Gauntlet | Found a transporter.
 12577 | Gauntlet | Noticed a blizzard demon
 12582 | Gauntlet | Found a transporter.
 12588 | Gauntlet | Found a transporter.
 12595 | Gauntlet | Found a transporter.
 12603 | Gauntlet | Found a transporter.
 12621 | Gauntlet | Found a transporter.
 12629 | Gauntlet | Found a transporter.
 12647 | Gauntlet | Found a transporter.
 12794 | Gauntlet | Identified the +0 hat of Fashionability {+Blink}
 12810 | Gauntlet | Reached **** piety under Vehumet
 12875 | Gauntlet | Offered knowledge of Arcjolt by Vehumet.
 12938 | Gauntlet | Noticed a minotaur
 12949 | Gauntlet | Killed a minotaur
 12950 | Gauntlet | Reached skill level 14 in Earth Magic
 12957 | Gauntlet | Identified the amulet "Catad" {Spirit ^Contam Rampage rElec
                  | Regen+}
 12958 | Gauntlet | Got the Vademecum on Confrontation
 12966 | Gauntlet | Learned a level 6 spell: Bombard
 13229 | Lair:2   | Found a hole to the Spider Nest.
 13836 | Lair:2   | Reached skill level 10 in Fighting
 13836 | Lair:2   | Reached XP level 13. HP: 82/82 MP: 12/25
 14850 | Lair:3   | Found a staircase to the Shoals.
 15240 | Lair:3   | Found a runed translucent door.
 15316 | Lair:3   | Found a shimmering altar of Xom.
 15316 | Lair:3   | Noticed Hifenlek's ghost (journeyman CoGl)
 16894 | Lair:4   | Found a staircase to the Slime Pits.
 16894 | Lair:4   | Found a viscous altar of Jiyva.
 16909 | Lair:4   | Reached ***** piety under Vehumet
 16913 | Lair:4   | Offered knowledge of Conjure Ball Lightning by Vehumet.
 17386 | Lair:4   | Gained mutation: Your large and strong wings let you fly.
                  | [Gargoyle growth]
 17386 | Lair:4   | Reached XP level 14. HP: 88/88 MP: 23/27
 17581 | Lair:4   | Reached skill level 1 in Summonings
 17862 | Lair:4   | Gained mutation: Your mind is acute. (Int +4, Str/Dex -1)
                  | [mutagenic glow]
 17978 | Lair:5   | Entered Level 5 of the Lair of Beasts
 18064 | Lair:5   | Reached skill level 10 in Conjurations
 18279 | Lair:5   | Found a frozen archway.
 18586 | Lair:4   | Reached skill level 10 in Spellcasting
 19004 | Lair:5   | Reached skill level 5 in Summonings
 19309 | Lair:5   | Reached skill level 1 in Necromancy
 20225 | D:10     | Learned a level 5 spell: Borgnjor's Vile Clutch
 20420 | D:11     | Noticed Psyche
 20432 | D:11     | Killed Psyche
 20493 | D:11     | Found Karargh's Weapon Boutique.
 20715 | D:11     | Offered knowledge of Airstrike by Vehumet.
 20948 | D:11     | Found a portal to a secret trove of treasure.
 22613 | D:12     | Reached XP level 15. HP: 92/92 MP: 29/29
 22703 | D:12     | Identified the maw talisman "Yrogippece" {rPois Slay+2
                  | SInv}
 22703 | D:12     | Noticed Rupert
 22714 | D:12     | Killed Rupert
 22778 | D:12     | Identified the +0 ring mail of Ychi {rPois Int+4 Slay+3}
 23160 | D:12     | Found a staircase to the Orcish Mines.
 23475 | D:13     | Noticed Urug
 23484 | D:13     | Killed Urug
 23548 | D:13     | Identified the +0 leather armour of Hopscotch {rPois}
 23555 | D:13     | Noticed Frances
 23586 | D:13     | Killed Frances
 23587 | D:13     | Reached skill level 15 in Earth Magic
 24084 | D:13     | Found a gate to the Vaults.
 24793 | D:14     | Found a bloodstained altar of Trog.
 25025 | D:14     | Found Jaanwia's Antique Armour Shop.
 25042 | D:14     | Reached skill level 5 in Necromancy
 25048 | D:14     | Bought the -2 hat of the Alchemist {rElec rPois rF+ rC+ rN+
                  | Will+ rMut rCorr} for 1038 gold pieces
 25048 | D:14     | Found the -2 hat of the Alchemist {rElec rPois rF+ rC+ rN+
                  | Will+ rMut rCorr}
 25203 | D:14     | You are sucked into a shaft and drop 1 floor!
 25203 | D:15     | Entered Level 15 of the Dungeon
 25346 | D:15     | Noticed a sphinx
 25369 | D:14     | HP: 4/92 [vault guard/+2 war axe (5)]
 25836 | D:14     | Found Wuzif's Antique Armour Shop.
 25905 | D:14     | Found Lytoud's Antique Armour Boutique.
 25926 | D:14     | Reached skill level 16 in Earth Magic
 26419 | D:15     | Identified the ring "Fyeler" {rElec rCorr EV+5 Stlth+}
 26525 | D:15     | Found a transporter.
 26536 | D:15     | Reached XP level 16. HP: 97/97 MP: 8/30
 26634 | D:15     | Noticed Azrael
 26638 | D:15     | Killed from afar by Azrael

Illustrated notes

Levels and vault maps discovered:
D:1:      dpeg_arrival_connections, layout_loops_ring, minmay_cut_off
D:2:      layout_basic, basic_altar
D:3:      layout_loops_ring, minmay_fountain_box, minmay_goblin_kobold_house
D:4:      layout_basic, lemuel_zombie_altar_yredelemnul,
          ebering_ghost_disaster_area, uniq_eustachio, uniq_pikel
D:5:      layout_cave_pools, uniq_blork_the_orc, uniq_prince_ribbit1
D:6:      layout_basic, mainiacjoe_overflow_two_lobes, serial_park_tiny_pond,
          uniq_edmund, uniq_jeremiah
D:7:      layout_rooms, good_gods_mini_temple, lemuel_crystal_altar,
          minmay_temple_entry_sparse_star, ebering_ghost_gozag,
          nicolae_elevator_lobby_plus
D:8:      layout_layer_cave, serial_bayou_pond_e
D:9:      layout_grid_maze, minivault_25, nicolae_demonic_statue_gallery
D:10:     layout_loops_ring, general_overflow_altar, lair_entry_dummy,
          serial_glass, glass_columns_b, glass_columns_a,
          muffindrake_ghost_dual_entry, uniq_josephine, uniq_maurice
D:11:     layout_layer_cave, nicolae_trove_entry_path_of_doom, serial_shops,
          nicolae_stop_n_shop_1, serial_bayou_lagoon_a, minivault_16,
          lightli_minifort, uniq_psyche
D:12:     layout_cave_pods, orc_0_dummy, uniq_rupert
D:13:     layout_loops_ring, erik_vaults_2, uniq_frances, uniq_urug
D:14:     layout_loops_ring, bloody_trog, serial_shops, shop, shop_fountains,
          shop, eino_curves_04, solitary_fountain
D:15:     hangedman_spin_cycle
Temple:   minmay_temple_curvy_branch
Lair:1:   cheibrodos_lair_river_kwai, layout_chaotic_city, lemuel_centaur_altar,
          infiniplex_staircase_pool, serial_bayou_shore_b, uniq_joseph
Lair:2:   cheibrodos_lair_overgrown_chateau, layout_loops_ring,
          spider_nest_entry_a, gauntlet_entry_generic
Lair:3:   layout_roguey, minmay_shoals_entry_beasts, ebering_ghost_xom,
          beast_lair_carwin_5
Lair:4:   nzn_winding_woodlands_three_and_one
          [nzn_winding_woodlands_5x15_jagged,
          nzn_winding_woodlands_5x15_crooked,
          nzn_winding_woodlands_5x15_sawtooth,
          nzn_winding_woodlands_center_garden], layout_cave_pods, slime_entry_1,
          st_stairs_5, infiniplex_staircase_pool_2
Lair:5:   minmay_lair_end_frog_pond, layout_long_grid, portal_ice_cave_rime,
          nicolae_lair_lindhole, lemuel_fruit_tree, serial_bayou_shore_a

Skill      XL: |  1  2  3  4  5  6  7  8  9 10 11 12 13 14 15 |
---------------+----------------------------------------------+-----
Earth Magic    | 4 5 6 7 9 11 12 13 14 16 | 16.0
Fighting       | 1 2 3 4 5 6 7 8 10 | 10.0
Spellcasting   | 3 4 5 6 7 8 9 10 | 10.4
Conjurations   | 2 3 4 5 7 8 9 10 12 | 12.0
Armour         | 3 5 6 8 |  8.0
Shields        | 2 5 6 8 |  8.0
Air Magic      | 3 4 |  4.0
Alchemy        | 3 4 |  4.0
Ice Magic      | 4 |  4.0
Dodging        | 4 |  4.0
Summonings     | 6 8 |  8.7
Necromancy     | 3 6 |  6.0
Stealth        | |  2.1

Action                     |  1- 3 |  4- 6 |  7- 9 | 10-12 | 13-15 | 16-18 || total
---------------------------+-------+-------+-------+-------+-------+-------++-------
  Melee: Unarmed           |     3 |       |       |       |       |       ||     3
         Dagger            |    15 |    16 |     7 |       |       |       ||    38
         Whip              |       |       |     8 |   110 |   310 |     1 ||   429
   Cast: Sandblast         |    55 |    59 |   104 |   398 |   488 |    13 ||  1117
         Stone Arrow       |       |     2 |    14 |    46 |    44 |       ||   106
         Petrify           |       |       |       |     1 |     1 |       ||     2
         Bombard           |       |       |       |    13 |   188 |     5 ||   206
         Hailstorm         |       |       |       |     2 |       |       ||     2
         Freezing Cloud    |       |       |       |       |     7 |     3 ||    10
         Borgnjor's Vile C |       |       |       |       |    45 |     7 ||    52
  Evoke: Wand              |       |       |     1 |       |       |       ||     1
    Use: Potion            |       |     2 |       |     2 |     6 |       ||    10
         Scroll            |       |     3 |       |    22 |    14 |       ||    39
   Stab: Petrified         |       |       |       |       |     1 |       ||     1
 Armour: Robe              |    11 |    28 |    27 |       |       |       ||    66
         Skin              |       |     8 |       |       |       |       ||     8
         Ring mail         |       |       |    28 |   572 |   343 |       ||   943
         Scale mail        |       |       |       |       |   694 |    13 ||   707
  Dodge: Dodged            |    22 |    22 |    43 |   273 |   464 |     4 ||   828
  Block: Buckler           |       |       |       |   143 |   287 |     7 ||   437

Table legend: (Time is in decaauts)
 A = Elapsed time spent in this place.
 B = Non-inter-level travel time spent in this place.
 C = Inter-level travel time spent in this place.
 D = Time resting spent in this place.
 E = Time spent auto-exploring this place.
 F = Levels seen in this place.
 G = Mean time per level.
                   A        B        C        D        E       F      G
               +--------+--------+--------+--------+--------+-----+--------+
         Total |  27146 |  25902 |   1244 |   1858 |  19204 |  22 | 1233.9 |
       Dungeon |  17526 |  16762 |    764 |   1064 |  12682 |  15 | 1168.4 |
        Temple |    157 |    135 |     22 |    105 |      0 |   1 |  157.0 |
          Lair |   8958 |   8500 |    458 |    674 |   6262 |   5 | 1791.6 |
      Gauntlet |    505 |    505 |      0 |     15 |    260 |   1 |  505.0 |
               +--------+--------+--------+--------+--------+-----+--------+

Top non-repeatable levels by time:
  Lair:4: 2917 daAuts
    D:11: 2149 daAuts
     D:8: 1849 daAuts
  Lair:2: 1620 daAuts
  Lair:5: 1503 daAuts
  Lair:1: 1476 daAuts
     D:9: 1473 daAuts
  Lair:3: 1440 daAuts
     D:4: 1357 daAuts
    D:14: 1335 daAuts
    D:13: 1298 daAuts
     D:6: 1132 daAuts
    D:10: 1119 daAuts
     D:3: 1115 daAuts
     D:1: 923 daAuts
